 Dungeon Crawl Stone Soup version 0.31.0-32-g396128a36d (webtiles) character file.

Game seed: 2094791769167643193

142111 DemonSlayer the Eclecticist (level 16, -4/112 (115) HPs)
             Began as a Demonspawn Earth Elementalist on Apr 18, 2024.
             Was the Champion of Dithmenos.
             Slain by a wolf spider (14 damage)
             ... on level 2 of the Spider Nest.
             The game lasted 01:53:08 (49243 turns).

DemonSlayer the Eclecticist (DsEE)                 Turns: 49243, Time: 01:53:08

HP:   -4/112 (115)  AC: 13    Str:  9    XL:     16   Next: 79%
MP:   0/35          EV: 11    Int: 20    God:    Dithmenos [******]
Gold: 1665          SH:  0    Dex: 19    Spells: 4/45 levels left

rFire   + + +        V - +8 autumn katana {manifold assault}
rCold   + + .        a - +2 buckler of Ytwenati {Will++}
rNeg    . . .        C - +3 troll leather armour
rPois   +            (helmet unavailable)
rElec   .            m - +2 cloak {rCorr}
rCorr   +            e - +0 pair of gloves
SInv    +            p - +0 pair of boots
Will    +++..        B - amulet "Qogawaakio" {Spirit rF+++ Regen+ SInv Stlth-} Stlth
                     O - ring of poison resistance
HPRegen 1.98/turn    x - ring of the Octopus King {rC+ HP+2 AC+2 EV+2 SH+2}
MPRegen 0.24/turn

%: guardian spirit
@: confused, lethally poisoned (-4 -> -5), held, wreathed by umbra, lightly
drained, invisible
A: antennae 3, demonic guardian 3, powered by death 2, big brain 2, clumsy 1,
cold resistance 1, sturdy frame 1, noise suppression
a: Renounce Religion, Shadow Step, Shadow Form


You were on level 2 of the Spider Nest.
You worshipped Dithmenos.
Dithmenos was exalted by your worship.
You visited 7 branches of the dungeon, and saw 29 of its levels.
You also visited: Ossuary, Bailey, Gauntlet and Ice Cave.

You collected 2992 gold pieces.
You spent 1327 gold pieces at shops.

Inventory:

Hand Weapons
 o - the +2 spear of Balance {freeze, rElec rF++ Str-3 Int+3}
   (You found it on level 2 of the Lair of Beasts)

   Str-3:     It affects your strength (-3).
   Int+3:     It affects your intelligence (+3).
   rF++:      It greatly protects you from fire.
   rElec:     It insulates you from electricity.
 V - the +8 autumn katana (weapon) {manifold assault}
   (You acquired it on level 1 of the Swamp)
Missiles
 i - 3 curare-tipped darts
 H - 4 throwing nets
Armour
 a - the +2 buckler of Ytwenati (worn) {Will++}
   (You acquired it in a bailey)

   Will++:    It greatly increases your willpower.
 e - a +0 pair of gloves (worn)
 m - a +2 cloak of preservation (worn)
 p - a +0 pair of boots (worn)
 C - a +3 troll leather armour (worn)
Jewellery
 b - a ring of flight
 d - a ring of protection from cold
 x - a ring of the Octopus King (right hand) {rC+ HP+2 AC+2 EV+2 SH+2}
   (You found it on level 5 of the Lair of Beasts)

   [ring of protection from cold]

   AC+2:      It affects your AC (+2).
   EV+2:      It affects your evasion (+2).
   rC+:       It protects you from cold.
   HP+2:      It affects your health (+2).
   SH+2:      It affects your SH (+2).
 B - the amulet "Qogawaakio" (around neck) {Spirit rF+++ Regen+ SInv Stlth-}
   (You found it on level 10 of the Dungeon)

   [amulet of guardian spirit]

   Spirit:    It causes incoming damage to be divided between your reserves of
   health and magic.
   rF+++:     It renders you almost immune to fire.
   SInv:      It lets you see invisible.
   Regen+:    It increases your rate of health regeneration.
   Stlth-:    It makes you less stealthy.
 O - a ring of poison resistance (left hand)
Wands
 h - a wand of flame (98)
 r - a wand of iceblast (34)
 w - a wand of paralysis (13)
 y - a wand of mindburst (28)
 P - a wand of polymorph (4)
Scrolls
 j - a scroll of fog
 k - 6 scrolls of poison
 l - 2 scrolls of butterflies
 n - a scroll of amnesia
 t - 5 scrolls of vulnerability
 v - a scroll of noise
 z - 4 scrolls of immolation
 D - a scroll of revelation
 F - 2 scrolls of silence
 M - 12 scrolls of teleportation
 N - 6 scrolls of blinking
 Q - a scroll of enchant armour
 S - 2 scrolls of fear
Potions
 c - 5 potions of brilliance
 q - 2 potions of lignification
 u - 4 potions of enlightenment
 A - 3 potions of attraction
 G - 2 potions of heal wounds
 I - 2 potions of cancellation
 K - a potion of might
 L - 9 potions of curing
 T - a potion of ambrosia
Miscellaneous
 g - a phial of floods (inert)
 s - a condenser vane (inert)


   Skills:
 + Level 6.5 Fighting
 + Level 6.9(7.2) Short Blades
 + Level 3.3(5.5) Long Blades
 + Level 1.7 Throwing
 + Level 3.4 Armour
 + Level 8.9 Dodging
 + Level 6.5 Stealth
 + Level 7.7 Shields
 + Level 15.1 Spellcasting
 + Level 13.6 Conjurations
 + Level 13.4 Earth Magic
 + Level 1.3 Evocations


You had 4 spell levels left.
You knew the following spells:

 Your Spells              Type           Power      Damage    Failure   Level
a - Sandblast             Erth           100%       2d20      1%          1
b - Stone Arrow           Conj/Erth      100%       3d13      1%          3
c - Passwall              Erth           62%        N/A       1%          3
d - Petrify               Alch/Erth      42%        N/A       3%          4
e - Brom's Barrelling Bo  Conj/Erth      62%        2d8       1%          4
f - Cause Fear            Hex            7%         N/A       52%         4
g - Dispel Undead         Necr           15%        3d10      52%         4
h - Swiftness             Air            15%        N/A       19%         3
i - Lehudib's Crystal Sp  Conj/Erth      31%        10d8      83%         8
j - Mephitic Cloud        Conj/Alch/Air  33%        N/A       2%          3
k - Ignite Poison         Fire/Alch      15%        N/A       52%         4

Your spell library contained the following spells:

 Spells                   Type           Power      Damage    Failure   Level
 Foxfire                  Conj/Fire      100%       2x1d9     1%          1
 Kiss of Death            Conj/Necr      100%       2d13      1%          1
 Dazzling Flash           Conj/Hex       84%        N/A       1%          3
 Apportation              Tloc           30%        N/A       6%          1
 Slow                     Hex            60%        N/A       6%          1
 Summon Small Mammal      Summ           60%        N/A       6%          1
 Cigotuvi's Dreadful Rot  Necr/Alch/Air  30%        N/A       9%          2
 Ensorcelled Hibernation  Hex/Ice        30%        N/A       9%          2
 Jinxbite                 Hex            30%        N/A       9%          2
 Lesser Beckoning         Tloc           30%        N/A       9%          2
 Call Canine Familiar     Summ           15%        N/A       19%         3
 Confusing Touch          Hex            15%        N/A       19%         3
 Fugue of the Fallen      Necr           15%        N/A       19%         3
 Gell's Gravitas          Tloc           15%        N/A       19%         3
 Sigil of Binding         Hex            15%        N/A       19%         3
 Teleport Other           Tloc           15%        N/A       19%         3
 Vampiric Draining        Necr           15%        2d7       19%         3
 Anguish                  Hex/Necr       7%         N/A       52%         4
 Animate Dead             Necr           15%        N/A       52%         4
 Passage of Golubria      Tloc           15%        N/A       52%         4
 Summon Blazeheart Golem  Fire/Summ      15%        N/A       52%         4
 Vhi's Electric Charge    Tloc/Air       30%        N/A       52%         4
 Arcjolt                  Conj/Air       21%        1d31      10%         5
 Fireball                 Conj/Fire      21%        3d10      10%         5
 Borgnjor's Vile Clutch   Necr/Erth      21%        N/A       11%         5
 Freezing Cloud           Conj/Ice/Air   16%        6-21      26%         5
 Starburst                Conj/Fire      21%        6d7       50%         6
 Alistair's Intoxication  Alch           10%        N/A       86%         5
 Curse of Agony           Necr           15%        N/A       86%         5
 Silence                  Hex/Air        7%         N/A       86%         5
 Death Channel            Necr           7%         N/A       100%        6
 Dispersal                Tloc           7%         N/A       100%        6
 Plasma Beam              Fire/Air       7%         2x1d18    100%        6
 Haunt                    Necr/Summ      7%         N/A       100%        7
 Infestation              Necr           7%         N/A       100%        8
 Maxwell's Capacitive Co  Air            7%         ∞         100%        8
 Dragon's Call            Summ           7%         N/A       100%        9


Dungeon Overview and Level Annotations

Branches:
Dungeon (15/15)            Temple (1/1) D:6            Lair (5/5) D:11
  Swamp (3/4) Lair:2       Spider (2/4) Lair:2        Slime (0/5) Lair:4
    Orc (2/2) D:11            Elf (1/3) Orc:2        Vaults (0/5) D:13
 Depths (0/4) D:15        Ossuary (visited)          Bailey (visited)
  IceCv (visited)         Gauntlet (visited)

Altars:
Ashenzari
Cheibriados
Dithmenos
Fedhas
Gozag
Hepliaklqana
Kikubaaqudgha
Makhleb
Nemelex Xobeh
Okawaru
Qazlal
Ru
Sif Muna
Trog
Uskayaw
Vehumet
Wu Jian
Xom
Yredelemnul
Jiyva

Shops:
D:8 *   D:9 (   D:13 ???*=   Orc:2 *=*(

Annotations:
Spider:2 Arachne


Innate Abilities, Weirdness & Mutations

You have a pair of large antennae on your head. (SInv)
A powerful demonic guardian rushes to your aid.
You regenerate health from kills.
You have an extremely huge brain. (Int +4)
You are clumsy. (Dex -2)
Your flesh is cold resistant. (rC+)
Your movements are slightly less encumbered by armour. (ER -2)
You passively dampen the noise of your surroundings.


Message History

The web tears apart.
Arachne stares at you and mumbles some strange words.
The poison arrow hits you!
You are poisoned.
You partially resist. The wolf spider misses you. The wolf spider bites you.
The tarantella touches you!
* * * LOW HITPOINT WARNING * * *
The orb spider pulsates with a strange energy.
Arachne hits you with a staff of alchemy!!
* * * LOW HITPOINT WARNING * * *
Arachne envenoms you.
* * * LOW HITPOINT WARNING * * *
The wolf spider misses you.
The wolf spider bites you but does no damage.
Unknown command.
Unknown command.
You are too confused!
You feel much better.
You feel very sick. The tarantella misses you.
Arachne hits you with a staff of alchemy!
* * * LOW HITPOINT WARNING * * *
You emit a cloud of dark smoke.
Arachne envenoms you.
* * * LOW HITPOINT WARNING * * *
The wolf spider barely misses you. The wolf spider closely misses you.
The tarantella completely misses you.
Unknown command.
Unknown command.
Unknown command.
You fade into invisibility!
You feel sick.
Arachne's staff shoots out a stream of webbing.
The stream of webbing hits you but does no damage.
You are caught in a web!
The wolf spider closely misses you. The wolf spider barely misses you.
The tarantella touches you but does no damage.
Arachne hits you but does no damage. Arachne envenoms you!
* * * LOW HITPOINT WARNING * * *
The wolf spider hits you!
You die...

#......^#.^^.......#.#...#
##....†..#.#.#............
#..........#.#..###.(....
#...^^#..#......^........
#...#..#.....^#....##..#.
##......#..#^#.<#....#...
##..##.§§§###............
#..###§§H## ##..#.^.^.#..
###...§§@## #..#.......#.
#...ss#s# #..##.##....#
##..§.§.# ... ##. .#.^.
#...#§#§####< . ...
.$.....#§## #. ...^#.(,#
....... ......., ..^#...


You could see Arachne, a wolf spider (unable to see you), an orb spider
(charged, unable to see you) and a tarantella (unable to see you).

Vanquished Creatures
  Rupert (D:15)
  A thorn hunter (Swamp:1)
  An emperor scorpion (Spider:1)
  A stone giant (D:15)
  A deep elf demonologist (Elf:1)
  An eleionoma (Swamp:2)
  A minotaur (Gauntlet)
  Azrael (D:12)
  3 bunyips
  Harold (Orc:1)
  6 hydras
  3 entropy weavers
  The ghost of tizbic2 the Blocker, a journeyman FoFi of Ru (D:10)
  A merfolk avatar (Lair:5)
  An ogre mage (D:15)
  A ghost crab (Swamp:2)
  4 centaur warriors
  A jorogumo (Spider:1)
  7 alligators
  6 two-headed ogres
  8 vault guards
  A dancing weapon (Elf:1)
  3 radroaches
  3 boulder beetles
  3 death yaks
  4 tengu warriors
  3 orc high priests
  2 deep elf knights (Elf:1)
  4 spriggans
  5 goliath frogs
  2 arcanists
  2 sea snakes (Lair:5)
  2 orb spiders (Spider:2)
  2 bog bodies
  4 deep elf archers
  2 swamp dragons (Swamp:3)
  Pikel (D:5)
  6 orc knights
  2 deep elf zephyrmancers
  2 steelbarb worms
  7 deep elf pyromancers
  4 orc sorcerers
  4 wolf spiders
  8 ugly things
  8 manticores
  3 will-o-the-wisps
  3 cyclopes
  4 black mambas
  12 elephants
  2 kobold blastminers (Orc:2)
  3 ice statues
  A torpor snail (Lair:5)
  4 rime drakes
  A gargoyle (D:12)
  9 cane toads
  2 unseen horrors
  5 kobold demonologists
  A freezing wraith (D:15)
  8 komodo dragons
  4 ice devils (IceCv)
  An efreet (D:14)
  3 anaconda simulacra (IceCv)
  5 trolls
  5 hornets
  4 polar bears
  2 wind drakes (Lair:5)
  2 tarantellas (Spider:1)
  7 tyrant leeches
  A snapping turtle (Lair:5)
  8 blink frogs (Lair:5)
  10 dream sheep (Lair:3)
  4 jumping spiders
  Sigmund (D:7)
  5 slime creatures (D:15)
  65 yaks
  4 fire elementals
  Eustachio (D:3)
  4 wraiths
  6 wyverns
  2 dire elephant simulacra (IceCv)
  6 basilisks
  4 fire bats (Gauntlet)
  3 wargs (Orc:2)
  16 redbacks
  5 steam dragons
  13 vampire mosquitoes
  10 swamp worms
  3 acid dragons
  Edmund (D:7)
  2 harpy simulacra (IceCv)
  Duvessa (D:4)
  5 water moccasins
  6 hell hounds
  2 hydra simulacra (IceCv)
  39 orc warriors
  2 ice beasts
  2 sky beasts (D:7)
  4 swamp drakes (Swamp:2)
  4 black bears
  5 boggarts
  4 ogres
  8 centaurs
  A lemure (D:5)
  26 wolves
  2 elf zombies (Ossuary)
  5 kobold brigands
  13 bullfrogs
  A two-headed ogre simulacrum (IceCv)
  5 gnoll sergeants
  2 scorpions
  A wight (D:4)
  Dowan (D:4)
  5 killer bees (D:7)
  4 electric eels (Bailey)
  4 howler monkeys (D:10)
  The ghost of SFR the Cutter, a weakling DEFi (D:3)
  4 crimson imps (D:6)
  A bombardier beetle (D:6)
  A centaur zombie (Ossuary)
  2 human zombies (Ossuary)
  A jelly (Gauntlet)
  20 orc priests
  Crazy Yiuf (D:4)
  3 hounds
  2 gnoll boudas
  4 iguanas
  Ijyb (D:3)
  17 orc wizards
  A troll simulacrum (IceCv)
  3 hound zombies (Ossuary)
  2 mummies (Ossuary)
  Robin (D:3)
  24 gnolls
  10 river rats (D:5)
  5 adders
  4 shadow imps
  A white imp (D:5)
  4 ufetubi
  3 adder zombies (Ossuary)
  2 dart slugs
  2 ribbon worms (D:2)
  92 orcs
  5 endoplasms
  3 giant cockroaches
  7 gnoll zombies (Ossuary)
  18 goblins
  18 hobgoblins
  2 jackals (D:2)
  8 quokkas
  5 ball pythons
  6 bats
  A frilled lizard (D:3)
  5 jackal zombies (Ossuary)
  17 kobolds
  7 kobold zombies (Ossuary)
  6 orc zombies (Ossuary)
  24 rats
896 creatures vanquished.

Vanquished Creatures (collateral kills)
  A reaper (IceCv)
  An orc high priest (Orc:2)
  A harpy (Lair:5)
  2 orc sorcerers (Orc:2)
  4 elephants (Lair:5)
  A rime drake (D:11)
  A komodo dragon (Lair:2)
  An ice devil (IceCv)
  A tyrant leech (Swamp:3)
  A hornet (Swamp:2)
  A dream sheep (Lair:3)
  12 yaks
  A yak (shapeshifter) (D:11)
  A redback (Spider:2)
  A death yak simulacrum (IceCv)
  A hydra simulacrum (IceCv)
  2 orc warriors
  An ice beast (D:6)
  2 wolves (Lair:3)
  2 centaurs
  An orc priest (D:7)
  A gnoll (D:9)
  7 orcs
47 creatures vanquished.

Vanquished Creatures (others)
  A bloated husk (Swamp:2)
  2 wolves (Lair:5)
  2 orc wizards (Orc:2)
  2 orcs
  A boulder (Gauntlet)
  6 foxfires (Swamp:2)
14 creatures vanquished.

Grand Total: 957 creatures vanquished

Notes
Turn   | Place    | Note
-------+----------+-------------------------------------------
     0 | D:1      | DemonSlayer the Demonspawn Earth Elementalist began the
                  | quest for the Orb.
     0 | D:1      | Reached XP level 1. HP: 13/13 MP: 3/3
   274 | D:1      | Gained mutation: You have a pair of small antennae on your
                  | head. [demonic ancestry]
   274 | D:1      | Reached XP level 2. HP: 16/19 MP: 0/5
  1195 | D:2      | Found a broken altar of Ashenzari.
  1219 | D:2      | Reached XP level 3. HP: 24/24 MP: 3/6
  1824 | D:2      | Learned a level 3 spell: Stone Arrow
  1828 | D:2      | Learned a level 3 spell: Passwall
  1899 | D:3      | Found a blossoming altar of Fedhas.
  2459 | D:3      | Noticed Ijyb
  2592 | D:4      | Noticed Duvessa
  2599 | D:4      | Noticed Dowan
  2625 | D:4      | Found a sand-covered staircase.
  2629 | D:4      | Noticed Robin
  2630 | D:4      | Found an ornate altar of the Wu Jian Council.
  2636 | Ossuary  | Entered an ossuary
  2703 | Ossuary  | Reached skill level 3 in Spellcasting
  2769 | Ossuary  | Reached XP level 4. HP: 30/30 MP: 2/8
  3355 | Ossuary  | Gained mutation: You have an unusually large brain. (Int
                  | +2) [demonic ancestry]
  3355 | Ossuary  | Reached XP level 5. HP: 21/35 MP: 0/10
  3548 | Ossuary  | Reached skill level 4 in Spellcasting
  3813 | Ossuary  | Gained mutation: You have a pair of antennae on your head.
                  | [demonic ancestry]
  3813 | Ossuary  | Reached XP level 6. HP: 31/42 MP: 5/12
  4065 | D:3      | Found a runed translucent door.
  4066 | D:3      | Noticed SFR's ghost (weakling DEFi)
  4370 | D:3      | Killed Ijyb
  4569 | D:3      | Killed SFR's ghost
  4803 | D:4      | Noticed Eustachio
  4811 | D:3      | Gained mutation: A weak demonic guardian rushes to your
                  | aid. [demonic ancestry]
  4811 | D:3      | Reached XP level 7. HP: 24/47 MP: 2/14
  5134 | D:3      | Killed Robin
  5135 | D:3      | Reached skill level 5 in Spellcasting
  5188 | D:3      | Killed Eustachio
  5189 | D:3      | Reached skill level 1 in Fighting
  5189 | D:3      | Reached skill level 1 in Short Blades
  5189 | D:3      | Reached skill level 5 in Earth Magic
  5298 | D:4      | Killed Duvessa
  5304 | D:4      | Killed Dowan
  5548 | D:4      | Reached XP level 8. HP: 54/54 MP: 9/16
  5811 | D:4      | Found a runed translucent door.
  5812 | D:4      | Noticed Crazy Yiuf
  6140 | D:4      | Found a basalt altar of Yredelemnul.
  6144 | D:4      | Found a stormy altar of Qazlal.
  6145 | D:4      | Found a hide-covered altar of Uskayaw.
  6239 | D:4      | Killed Crazy Yiuf
  6317 | D:5      | Entered Level 5 of the Dungeon
  7055 | D:4      | HP: 2/56 [orc warrior/+0 long sword (15)]
  7059 | D:4      | Reached skill level 6 in Spellcasting
  7469 | D:5      | You fall into a shaft and drop 2 floors!
  7553 | D:7      | Found an opulent altar of Gozag.
  7617 | D:7      | Gained mutation: A demonic guardian rushes to your aid.
                  | [demonic ancestry]
  7617 | D:7      | Reached XP level 9. HP: 58/62 MP: 3/18
  8383 | D:6      | Found a shimmering altar of Xom.
  8639 | D:6      | Reached skill level 5 in Conjurations
  8808 | D:6      | Found a staircase to the Ecumenical Temple.
  8842 | Temple   | Entered the Ecumenical Temple
  8851 | Temple   | Became a worshipper of Dithmenos the Shadowed
  9447 | D:6      | Found a sacrificial altar of Ru.
  9656 | D:5      | Reached skill level 7 in Spellcasting
  9924 | D:5      | Learned a level 4 spell: Petrify
  9929 | D:5      | Learned a level 4 spell: Brom's Barrelling Boulder
  9934 | D:5      | Learned a level 4 spell: Cause Fear
 10107 | D:5      | Noticed Pikel
 10129 | D:5      | Killed Pikel
 10568 | D:5      | Reached * piety under Dithmenos
 11723 | D:5      | Identified the +9 demon blade of Zim Qaim {antimagic, *Slow
                  | Dex+3}
 11904 | D:7      | Gained mutation: A powerful demonic guardian rushes to your
                  | aid. [demonic ancestry]
 11904 | D:7      | Reached XP level 10. HP: 68/68 MP: 11/21
 12008 | D:7      | Found a radiant altar of Vehumet.
 12241 | D:7      | Noticed Sigmund
 12244 | D:7      | Killed Sigmund
 12296 | D:7      | Noticed Edmund
 12303 | D:7      | Killed Edmund
 12859 | D:7      | Reached ** piety under Dithmenos
 13177 | D:8      | Reached skill level 8 in Spellcasting
 13339 | D:8      | Found a burning altar of Makhleb.
 13495 | D:8      | Found an iron altar of Okawaru.
 13541 | D:8      | Noticed a two-headed ogre
 13548 | D:8      | Killed a two-headed ogre
 13689 | D:8      | Found Betonlaz's Neck Hole.
 14390 | D:9      | Found a flagged portal.
 14409 | Bailey   | Entered a bailey
 15692 | Bailey   | Reached *** piety under Dithmenos
 15778 | Bailey   | Reached skill level 9 in Spellcasting
 15834 | Bailey   | Found an iron altar of Okawaru.
 15836 | Bailey   | Noticed an orc sorcerer
 15856 | Bailey   | Noticed an orange demon
 15857 | Bailey   | Killed an orc sorcerer
 15864 | Bailey   | Reached XP level 11. HP: 68/75 MP: 1/24
 16634 | Bailey   | Noticed an orc knight
 16656 | Bailey   | Killed an orc knight
 16657 | Bailey   | Reached skill level 5 in Dodging
 16893 | Bailey   | Acquired the +2 buckler of Ytwenati {Will++}
 17050 | D:9      | Noticed a sixfirhy
 17241 | D:9      | Reached skill level 1 in Shields
 17390 | D:9      | Found Hitian Zock's Antique Weapon Emporium.
 17807 | D:9      | Found a hazy altar of Hepliaklqana.
 17983 | D:10     | Entered Level 10 of the Dungeon
 18073 | D:10     | Identified the amulet "Qogawaakio" {Spirit rF+++ Regen+
                  | SInv Stlth-}
 18191 | D:10     | Found a sparkling altar of Nemelex Xobeh.
 18589 | D:10     | Found a large runed translucent door.
 18595 | D:10     | Found a large runed translucent door.
 18595 | D:10     | Noticed tizbic2's ghost (journeyman FoFi)
 18904 | D:10     | Noticed an arcanist
 18910 | D:10     | Killed an arcanist
 18911 | D:10     | Reached skill level 1 in Armour
 18911 | D:10     | Reached skill level 10 in Spellcasting
 18998 | D:10     | Reached **** piety under Dithmenos
 19025 | D:10     | Noticed a deep elf pyromancer
 19029 | D:10     | Killed a deep elf pyromancer
 19251 | D:10     | Noticed a centaur warrior
 19266 | D:10     | Noticed a wolf spider
 19269 | D:10     | Killed a centaur warrior
 19531 | D:10     | Killed a wolf spider
 19532 | D:10     | Gained mutation: You have a pair of large antennae on your
                  | head. (SInv) [demonic ancestry]
 19532 | D:10     | Reached XP level 12. HP: 80/81 MP: 24/26
 19534 | D:10     | Noticed a centaur warrior
 19558 | D:10     | Killed a centaur warrior
 19752 | D:11     | Found a frozen archway.
 19896 | IceCv    | Entered an ice cave
 21690 | IceCv    | Noticed a reaper
 21699 | IceCv    | Gained mutation: You are clumsy. (Dex -2) [potion of
                  | mutation]
 21699 | IceCv    | Gained mutation: Your flesh is cold resistant. (rC+)
                  | [potion of mutation]
 21699 | IceCv    | Gained mutation: You passively dampen the noise of your
                  | surroundings. [potion of mutation]
 21699 | IceCv    | Gained mutation: Your movements are slightly less
                  | encumbered by armour. (ER -2) [potion of mutation]
 21700 | IceCv    | Killed a reaper
 21973 | IceCv    | Reached skill level 5 in Short Blades
 22053 | IceCv    | Reached skill level 10 in Earth Magic
 22657 | D:11     | Reached ***** piety under Dithmenos
 22835 | D:11     | Found a staircase to the Orcish Mines.
 22971 | D:11     | Found a staircase to the Lair.
 23017 | D:11     | Learned a level 4 spell: Dispel Undead
 23056 | Lair:1   | Entered Level 1 of the Lair of Beasts
 23801 | Lair:2   | Found a gate leading to a gauntlet.
 23816 | Lair:2   | Identified the +2 spear of Balance {freeze, rElec rF++
                  | Str-3 Int+3}
 23827 | Gauntlet | Entered a Gauntlet
 23827 | Gauntlet | Found a transporter.
 23836 | Gauntlet | Found a transporter.
 23851 | Gauntlet | Found a transporter.
 23854 | Gauntlet | Noticed a balrug
 23856 | Gauntlet | Found a transporter.
 23877 | Gauntlet | Found a transporter.
 23890 | Gauntlet | Found a transporter.
 23902 | Gauntlet | Found a transporter.
 23914 | Gauntlet | Found a transporter.
 23926 | Gauntlet | Found a transporter.
 23938 | Gauntlet | Found a transporter.
 23938 | Gauntlet | Noticed a green death
 23955 | Gauntlet | Found a transporter.
 23955 | Gauntlet | Found a transporter.
 23977 | Gauntlet | Found a transporter.
 23977 | Gauntlet | Found a transporter.
 24005 | Gauntlet | Found a transporter.
 24027 | Gauntlet | Found a transporter.
 24104 | Gauntlet | Found a transporter.
 24134 | Gauntlet | Found a transporter.
 24136 | Gauntlet | Reached skill level 11 in Spellcasting
 24236 | Gauntlet | Identified the +2 hat of Negligence {rCorr Str+5}
 24311 | Gauntlet | Reached skill level 5 in Stealth
 24488 | Gauntlet | Noticed a minotaur
 24497 | Gauntlet | Killed a minotaur
 24798 | Lair:2   | Gained mutation: You regenerate a little health from kills.
                  | [demonic ancestry]
 24798 | Lair:2   | Reached XP level 13. HP: 88/88 MP: 1/28
 25496 | Lair:2   | Found a hole to the Spider Nest.
 25590 | Lair:2   | Reached skill level 10 in Conjurations
 26153 | Lair:2   | Found a staircase to the Swamp.
 26220 | Lair:2   | Learned a level 3 spell: Swiftness
 26229 | Lair:2   | Learned a level 8 spell: Lehudib's Crystal Spear
 27661 | Lair:3   | Reached ****** piety under Dithmenos
 29707 | Lair:4   | Reached skill level 12 in Spellcasting
 29932 | Lair:4   | Gained mutation: You have an extremely huge brain. (Int +4)
                  | [demonic ancestry]
 29932 | Lair:4   | Reached XP level 14. HP: 96/96 MP: 26/30
 30326 | Lair:4   | Found a viscous altar of Jiyva.
 30326 | Lair:4   | Found a staircase to the Slime Pits.
 30354 | Lair:5   | Entered Level 5 of the Lair of Beasts
 30515 | Lair:5   | Reached skill level 5 in Shields
 30713 | Lair:5   | Reached skill level 5 in Fighting
 32370 | Lair:5   | Found the ring of the Octopus King
 32382 | Lair:5   | Identified a ring of the Octopus King {rC+ HP+2 AC+2 EV+2
                  | SH+2}
 33616 | D:12     | Reached skill level 13 in Spellcasting
 34753 | D:13     | Found Oloev's Magic Scroll Shoppe.
 34759 | D:13     | Found Odilakit's Magic Scroll Emporium.
 34762 | D:13     | Bought a scroll of fear for 64 gold pieces
 34762 | D:13     | Bought 2 scrolls of blinking for 240 gold pieces
 34762 | D:13     | Bought a scroll of enchant weapon for 120 gold pieces
 34762 | D:13     | Bought a scroll of teleportation for 48 gold pieces
 34769 | D:13     | Bought a scroll of teleportation for 45 gold pieces
 34769 | D:13     | Bought a scroll of silence for 142 gold pieces
 34769 | D:13     | Bought a scroll of butterflies for 60 gold pieces
 34769 | D:13     | Bought a scroll of fear for 60 gold pieces
 34785 | D:13     | Found Odghelek's Assorted Antiques.
 34794 | D:13     | Bought a scroll of teleportation for 81 gold pieces
 34794 | D:13     | Bought a scroll of teleportation for 81 gold pieces
 34976 | D:13     | Noticed Azrael
 35095 | D:12     | Killed Azrael
 36022 | D:14     | Reached XP level 15. HP: 103/103 MP: 22/32
 36636 | D:15     | Entered Level 15 of the Dungeon
 37511 | D:15     | Noticed Rupert
 37514 | D:15     | Found a staircase to the Depths.
 37532 | D:15     | Killed Rupert
 37533 | D:15     | Reached skill level 1 in Evocations
 37558 | D:15     | Reached skill level 1 in Throwing
 38501 | D:15     | Learned a level 3 spell: Mephitic Cloud
 38506 | D:15     | Learned a level 4 spell: Ignite Poison
 38528 | D:13     | Found Qinac's Jewellery Emporium.
 38763 | D:13     | Found Dueghote's Magic Scroll Shop.
 38771 | D:13     | Bought a scroll of fog for 60 gold pieces
 38771 | D:13     | Bought a scroll of blinking for 112 gold pieces
 38771 | D:13     | Bought a scroll of enchant armour for 112 gold pieces
 38771 | D:13     | Bought a scroll of teleportation for 45 gold pieces
 38916 | D:13     | Found a gate to the Vaults.
 39153 | D:13     | Reached skill level 14 in Spellcasting
 39571 | Orc:1    | Entered Level 1 of the Orcish Mines
 39571 | Orc:1    | Noticed Harold
 39585 | Orc:1    | Killed Harold
 39875 | Orc:2    | Entered Level 2 of the Orcish Mines
 39875 | Orc:2    | Found a staircase to the Elven Halls.
 41432 | Orc:2    | Found Xulaalip's Weapon Emporium.
 41432 | Orc:2    | Found Qobidu's Assorted Antiques.
 41434 | Orc:2    | Found Batihis's Assorted Antiques.
 41434 | Orc:2    | Found Wobbem's Jewellery Boutique.
 41445 | Orc:2    | Bought a scroll of teleportation for 57 gold pieces
 42178 | Elf:1    | Entered Level 1 of the Elven Halls
 42686 | Elf:1    | Gained mutation: You regenerate health from kills. [demonic
                  | ancestry]
 42686 | Elf:1    | Reached XP level 16. HP: 111/111 MP: 4/34
 43220 | Swamp:1  | Entered Level 1 of the Swamp
 44139 | Swamp:1  | Noticed a thorn hunter
 44147 | Swamp:1  | Killed a thorn hunter
 44468 | Swamp:1  | Acquired the +8 autumn katana {manifold assault}
 44468 | Swamp:1  | Found the +8 autumn katana {manifold assault}
 44715 | Swamp:2  | Reached skill level 1 in Long Blades
 46914 | Spider:1 | Entered Level 1 of the Spider Nest
 47255 | Spider:1 | Reached skill level 15 in Spellcasting
 48563 | D:10     | Killed tizbic2's ghost
 49219 | Spider:2 | Noticed Arachne
 49243 | Spider:2 | Slain by a wolf spider

Illustrated notes

Levels and vault maps discovered:
D:1:      minmay_arrival_five_plusses, layout_basic, palyth_stone_intersect,
          nicolae_figureground_sparkle
D:2:      layout_loops_corners, basic_altar
D:3:      layout_basic, fedhas_altar_fruit_tree, ebering_ghost_sewer_d,
          nicolae_hexahallways, serial_bayou_pond_a,
          hangedman_abyss_or_decor_lesser_grid, uniq_ijyb
D:4:      layout_cave_pools, minitemple, lightli_ossuary_entry_decrepit_ruins,
          lightli_minifort, uniq_duvessa, uniq_robin, uniq_eustachio,
          uniq_crazy_yiuf_cottage
D:5:      lemuel_ratsnest, layout_loops_ring, sword_in_stone, uniq_pikel
D:6:      layout_basic, nicolae_ru_the_path_less_chosen, led_xom_imps,
          minmay_temple_entry_antechambers, kennysheep_nub
D:7:      layout_gridville, nicolae_gozag_cash_rules_everything_around_me,
          mainiacjoe_overflow_six_doors_small, sigmund_edmund_badplayer
D:8:      layout_basic, bloody_makhleb, nicolae_overflow_hidden_temple,
          nicolae_overflow_crystal_walls, nicolae_shop_sticking_my_neck_out
D:9:      layout_rooms, mainiacjoe_overflow_small_starburst, serial_shops, shop,
          enter_bailey_4, chequers_serial_rivers_room_b
D:10:     minmay_klotski, layout_loops_ring, kennysheep_mini_moat,
          ebering_ghost_disaster_area, serial_bayou_pond_d
D:11:     layout_big_octagon, lair_entry_dummy, david_orc_4,
          portal_ice_cave_rime
D:12:     layout_basic, minmay_statue_bubble
D:13:     layout_stronghold, erik_vaults_2, serial_shops, shop, shop, shop,
          nicolae_stop_n_shop_1, nicolae_shop_overgrown_old_shop, uniq_azrael
D:14:     layout_small_grid, nicolae_the_louvre, kennysheep_generic_room_9
D:15:     grunt_enter_depths_snipers, layout_long_grid, uniq_rupert
Temple:   hellmonk_temple_two_chambers
Lair:1:   layout_gridlike
Lair:2:   layout_regular_city, palyth_hydra_swamp_entry,
          spider_nest_entry_funnel_web, nicolae_volcano_entry_hallway,
          gauntlet_entry_generic
Lair:3:   layout_regular_city, kilobyte_rumbling_trees, grunt_megastairs_4
Lair:4:   layout_cave_shapes, dpeg_slime_entry_enclosed, lemuel_fruit_fields,
          infiniplex_staircase_pool_2
Lair:5:   gammafunk_lair_ancient_temple, layout_cave_pods,
          infiniplex_staircase_pool
Swamp:1:  nicolae_swamp_ascending_descending_big, layout_basic_swamp,
          evilmike_swamp_ruin_house_5, swamp_pool_1_2, hangedman_swamp_pad
Swamp:2:  layout_basic_swamp, serial_swamp_ruin, evilmike_swamp_ruin_house_6,
          evilmike_swamp_ruin_rubble_2, swamp_pool_5
Swamp:3:  layout_basic_swamp, ebering_ghost_xom, evilmike_swamp_ruin_rubble_1
Spider:1: layout_spider_delve, hive_lemuel
Spider:2: layout_spider_delve, uniq_arachne, uniq_asterion
Orc:1:    layout_caves, bh_open_orc_temple, uniq_harold
Orc:2:    grunt_orc_tribal_feast, layout_diamond_mine
Elf:1:    layout_geoelf_diagonals, hangedman_elf_disciples

Skill      XL: |  1  2  3  4  5  6  7  8  9 10 11 12 13 14 15 16 |
---------------+-------------------------------------------------+-----
Earth Magic    | 3 4 5 6 7 8 9 10 11 12 13 | 13.4
Stealth        | 2 3 4 5 6 |  6.5
Spellcasting   | 3 4 5 6 7 9 10 11 12 13 14 15 | 15.1
Dodging        | 2 3 4 5 6 7 8 |  8.9
Fighting       | 1 2 3 4 5 6 |  6.5
Short Blades   | 1 2 3 4 5 6 |  6.9
Conjurations   | 2 4 6 7 8 9 10 11 12 13 | 13.6
Shields        | 2 3 4 6 7 |  7.7
Armour         | 1 3 |  3.4
Evocations     | 1 |  1.3
Throwing       | 1 |  1.7
Long Blades    | 3 |  3.3

Action                     |  1- 3 |  4- 6 |  7- 9 | 10-12 | 13-15 | 16-18 || total
---------------------------+-------+-------+-------+-------+-------+-------++-------
  Melee: Unarmed           |     1 |       |       |       |       |       ||     1
         Dagger            |    21 |    18 |       |       |       |       ||    39
         Punch             |       |     1 |     2 |     2 |       |       ||     5
         Short sword       |       |    22 |   228 |   252 |   503 |    11 ||  1016
         Katana            |       |       |       |       |       |   119 ||   119
  Throw: Dart              |       |       |       |     3 |    12 |     1 ||    16
         Throwing net      |       |       |       |     3 |       |       ||     3
   Cast: Sandblast         |    83 |    97 |       |     3 |       |       ||   183
         Stone Arrow       |       |    22 |   182 |   367 |   741 |   218 ||  1530
         Passwall          |       |       |     2 |     2 |       |       ||     4
         Brom's Barrelling |       |       |       |     1 |       |       ||     1
  Evoke: Wand              |       |       |       |    13 |     1 |       ||    14
         Phial of floods   |       |       |       |     1 |     1 |     1 ||     3
         Condenser vane    |       |       |       |       |     1 |     3 ||     4
    Use: Scroll            |     4 |     3 |     1 |    15 |    14 |     1 ||    38
         Potion            |     2 |       |     9 |    10 |     4 |     8 ||    33
   Stab: Sleeping          |     4 |     2 |     1 |     2 |     2 |     8 ||    19
         Paralysed         |       |       |       |     3 |       |       ||     3
         Distracted        |       |       |       |       |     2 |       ||     2
         Invisible         |       |       |       |       |       |     2 ||     2
 Armour: Robe              |    41 |   111 |   113 |       |       |       ||   265
         Steam dragon scal |       |       |    40 |   100 |       |       ||   140
         Troll leather arm |       |       |       |   137 |   477 |   191 ||   805
         Skin              |       |       |       |     4 |       |       ||     4
  Dodge: Dodged            |    52 |   117 |   208 |   353 |   678 |   211 ||  1619
  Block: Buckler           |       |       |       |   128 |   432 |   117 ||   677
